[Event "Titled Tuesday Blitz March 08 Early 2022"]
[White "Shahaliyev, Ismayil"]
[Black "Garv Gaur"]
[WhiteFideId "13406388"]
[BlackFideId "45030839"]
[WhiteElo "2105"]
[BlackElo "1950"]
[Result "1-0"]
[Round "02"]
[TimeControl "180+1"]
[Date "2022.03.09"]
[WhiteClock "0:00:45"]
[BlackClock "0:00:58"]

1. d4 d5 2. Nf3 Nf6 3. c4 e6 4. Nc3 Be7 5. Bf4 O-O 6. e3 c5 7. cxd5 cxd4 8. Qxd4 exd5 9. Rd1 Nc6 10. Qa4 Qb6 11. Qb5 Be6 12. Be2 Ne4 13. O-O Nxc3 14. bxc3 Bf6 15. Nd4 Rac8 16. Qxb6 axb6 17. Nxe6 fxe6 18. Bg4 Rce8 19. Bd6 Rf7 20. Rb1 Bxc3 21. Rxb6 Be5 22. Bxe5 Nxe5 23. Bxe6 Re7 24. Bxd5 Nc6 25. Rfb1 Nd8 26. a4 Kf8 27. Bxf7 Kxf7 28. R1b4 Rc7 29. g4 Ke7 30. h4 Kd7 31. Rf4 Ke7 32. Re4+ Kd7 33. Rbb4 Nc6 34. Rbc4 Kd6 35. Kg2 Rc8 36. Rf4 Ke6 37. Rce4+ Ne5 38. Rf5 Rc5 39. f4 1-0


[Site "https://www.chess.com"]

[Event "Titled Tuesday Blitz March 08 Early 2022"]
[White "Shkapenko, Pavel"]
[Black "Leve, Nitai"]
[WhiteFideId "4151933"]
[BlackFideId "2006898"]
[WhiteElo "2386"]
[BlackElo "2144"]
[Result "1-0"]
[Round "02"]
[TimeControl "180+1"]
[Date "2022.03.09"]
[WhiteClock "0:01:46"]
[BlackClock "0:01:23"]

1. e4 e6 2. d4 d5 3. exd5 exd5 4. Nf3 Bd6 5. c4 Bg4 6. Nc3 Qe7+ 7. Be2 dxc4 8. O-O Nf6 9. Bxc4 O-O 10. h3 Bh5 11. g4 Bg6 12. Re1 Qd8 13. Ne5 Nbd7 14. f4 c6 15. f5 Nxe5 16. dxe5 Bc5+ 17. Kg2 Nd7 18. fxg6 hxg6 19. Bf4 Qe7 20. e6 1-0


[Site "https://www.chess.com"]

[Event "Titled Tuesday Blitz March 08 Early 2022"]
[White "Shubenkova, Veronika"]
[Black "Sovetbekova, Nurai"]
[WhiteFideId "44124040"]
[BlackFideId "13801910"]
[WhiteElo "1938"]
[BlackElo "1538"]
[Result "0-1"]
[Round "02"]
[TimeControl "180+1"]
[Date "2022.03.09"]
[WhiteClock "0:01:39"]
[BlackClock "0:00:16"]

1. e4 c5 2. Nc3 d6 3. g3 Nc6 4. Bg2 g6 5. f4 Bg7 6. Nf3 e6 7. O-O Nge7 8. d3 O-O 9. Be3 b6 10. Qd2 d5 11. exd5 exd5 12. d4 Nf5 13. Ne2 Ba6 14. dxc5 Nxe3 15. Qxe3 Re8 16. Ne5 Nxe5 17. fxe5 Rxe5 18. Qf3 Rxe2 19. Qxf7+ Kh8 20. Bxd5 Rc8 21. Rfd1 Qe8 22. Qxa7 Qe3+ 23. Kh1 Qf2 0-1


[Site "https://www.chess.com"]

[Event "Titled Tuesday Blitz March 08 Early 2022"]
[White "Shukhman, Anna"]
[Black "Siva Mahadevan"]
[WhiteFideId "54180058"]
[BlackFideId "25043153"]
[WhiteElo "1665"]
[BlackElo "2203"]
[Result "0-1"]
[Round "02"]
[TimeControl "180+1"]
[Date "2022.03.09"]
[WhiteClock "0:00:08"]
[BlackClock "0:01:05"]

1. e4 c5 2. Nf3 Nc6 3. Bb5 Na5 4. O-O a6 5. Be2 b5 6. c3 Bb7 7. d4 cxd4 8. cxd4 Bxe4 9. d5 Nf6 10. Nc3 Bg6 11. b4 Rc8 12. Bb2 Nc4 13. Bxc4 Rxc4 14. Ne5 Rc8 15. Nxg6 hxg6 16. a4 e6 17. d6 Qb6 18. axb5 axb5 19. g3 Bxd6 20. Nxb5 Bxb4 21. Qa4 Bc5 22. Rfb1 Bxf2+ 23. Kg2 Qc6+ 24. Kxf2 Rxh2+ 25. Ke3 Qg2 26. Nd6+ Kf8 27. Rd1 Qe2+ 28. Kd4 Qxb2+ 29. Ke3 Rc3+ 30. Kf4 Qf2+ 31. Ke5 Rc5+ 0-1


[Site "https://www.chess.com"]

[Event "Titled Tuesday Blitz March 08 Early 2022"]
[White "Silva, Miguel Antonio Neto"]
[Black "Papasimakopoulos, Alexandros"]
[WhiteFideId "1911929"]
[BlackFideId "4244125"]
[WhiteElo "2204"]
[BlackElo "2340"]
[Result "1-0"]
[Round "02"]
[TimeControl "180+1"]
[Date "2022.03.09"]
[WhiteClock "0:00:29"]
[BlackClock "0:00:15"]

1. e4 e6 2. d4 d5 3. exd5 exd5 4. Bd3 Nc6 5. c3 Bd6 6. Ne2 Qh4 7. Be3 Bg4 8. Qd2 Qe7 9. h3 Bh5 10. O-O O-O-O 11. Nf4 Bxf4 12. Bxf4 Bg6 13. Na3 a6 14. Rfe1 Qd7 15. b4 Bxd3 16. Qxd3 Na7 17. Rab1 Nf6 18. b5 axb5 19. Nxb5 Nxb5 20. Rxb5 b6 21. a4 Rhe8 22. Reb1 Qc6 23. a5 Nd7 24. axb6 cxb6 25. Ra1 Kb7 26. Rbb1 Ra8 27. Rxa8 Rxa8 28. Re1 Ra2 29. Re7 Ra3 30. Qf5 Kc8 31. Qxf7 Rxc3 32. Qe8+ Kb7 33. Rxd7+ Ka6 34. Qe7 Rc2 35. Qa3+ Kb5 36. Qb3+ Ka6 37. Bb8 Rc1+ 38. Kh2 Qxd7 39. Qa3+ Kb7 40. Qxc1 Kxb8 41. Qf4+ Qc7 42. Kg3 b5 43. Qxc7+ Kxc7 44. Kf4 Kd6 45. Ke3 Ke6 46. g4 h5 47. f4 hxg4 48. hxg4 Kd6 49. Kd3 Kc6 50. Kc3 Kb7 51. Kb3 Kc6 52. Kb4 g6 53. f5 g5 54. f6 Kd6 55. f7 Ke7 56. Kxb5 Kxf7 57. Kc5 Ke6 58. Kc6 Ke7 59. Kxd5 Kd7 60. Ke5 Kc6 61. Kf5 Kd5 62. Kxg5 Kxd4 63. Kf6 Kd5 64. g5 Kd6 65. g6 Kd7 66. g7 Ke8 67. g8=Q+ Kd7 68. Qe6+ Kc7 69. Qd5 Kb6 70. Qc4 Kb7 71. Qc5 Kb8 72. Qe7 Kc8 73. Ke6 Kb8 74. Kd6 Ka8 75. Kc6 Kb8 76. Qb7# 1-0


[Site "https://www.chess.com"]

[Event "Titled Tuesday Blitz March 08 Early 2022"]
[White "Soderstrom, Adrian"]
[Black "Viskelis, Darius"]
[WhiteFideId "1745786"]
[BlackFideId "12800830"]
[WhiteElo "2107"]
[BlackElo "1978"]
[Result "1-0"]
[Round "02"]
[TimeControl "180+1"]
[Date "2022.03.09"]
[WhiteClock "0:00:13"]
[BlackClock "0:00:06"]

1. d4 d5 2. c4 e6 3. Nc3 c5 4. cxd5 cxd4 5. Qa4+ Bd7 6. Qxd4 exd5 7. Qxd5 Nf6 8. Qd1 Bb4 9. Nf3 O-O 10. e3 Qa5 11. Bd2 Rd8 12. a3 Bf8 13. Ne4 Qf5 14. Nxf6+ Qxf6 15. Bc3 Qh6 16. Ne5 Qg5 17. Qb3 Be6 18. Qxb7 Nd7 19. Nxd7 Bxd7 20. Bc4 Rac8 21. Ba2 Bd6 22. Rd1 Bc6 23. Qxf7+ Kh8 24. Bd5 Rf8 25. Qe6 Bxd5 26. Qxd5 Qh4 27. g3 Bxg3 28. hxg3 Qe7 29. Rd4 Rcd8 30. Qh5 h6 31. Rxd8 Rxd8 32. Qxh6+ Kg8 33. Qh7+ Kf8 34. Qh8+ Kf7 35. Qxg7+ Ke6 36. Rh6+ Kd7 37. Qd4+ Kc8 38. Qc4+ Kb7 39. Qb5+ Ka8 40. Qc6+ Qb7 41. Qxb7+ Kxb7 42. Rh7+ Kc6 43. Bd4 a5 44. Ra7 a4 45. Rxa4 Kd5 46. Ra5+ Ke4 47. Kd2 Kf3 48. Rf5+ Ke4 49. g4 Rc8 50. f3# 1-0


[Site "https://www.chess.com"]

[Event "Titled Tuesday Blitz March 08 Early 2022"]
[White "Sonis, Francesco"]
[Black "Al-Tarboush, Ward"]
[WhiteFideId "895733"]
[BlackFideId "7601450"]
[WhiteElo "2373"]
[BlackElo "2276"]
[Result "0-1"]
[Round "02"]
[TimeControl "180+1"]
[Date "2022.03.09"]
[WhiteClock "0:00:12"]
[BlackClock "0:00:11"]

1. d4 d5 2. c4 c6 3. Nf3 Nf6 4. e3 e6 5. Nbd2 Nbd7 6. b3 c5 7. cxd5 Nxd5 8. Bb2 b6 9. dxc5 Nxc5 10. a3 Nf6 11. b4 Nd3+ 12. Bxd3 Qxd3 13. Ne5 Qd5 14. O-O Bb7 15. e4 Nxe4 16. Nxe4 Qxd1 17. Rfxd1 Bxe4 18. Rac1 Bd5 19. Nd3 Bd6 20. Be5 Bxe5 21. Nxe5 O-O 22. f3 Rac8 23. Kf2 f6 24. Nd3 Rfd8 25. Nf4 Rxc1 26. Rxc1 Rd7 27. h4 Kf7 28. h5 g5 29. hxg6+ hxg6 30. Rh1 Kg7 31. Rd1 g5 32. Ne2 e5 33. Ng3 Be6 34. Rc1 Kg6 35. Rc6 Bd5 36. Rc8 f5 37. Re8 f4 38. Ne2 Kf5 39. Rf8+ Bf7 40. Nc3 Kf6 41. Ne4+ Kg7 42. Rc8 Kg6 43. Rc6+ Kg7 44. Nxg5 Rd2+ 45. Ke1 Rxg2 46. Ne4 Bd5 47. Rc7+ Kg6 48. Kf1 Ra2 49. Re7 Bxe4 50. fxe4 Kf6 51. Rxa7 Kg5 52. Rh7 Kg4 53. Kg1 Kf3 54. Rh3+ Kxe4 55. Rb3 f3 56. a4 Kf4 57. a5 bxa5 58. b5 e4 59. b6 Rg2+ 60. Kf1 Rg8 61. b7 Rb8 62. Kf2 a4 63. Rb6 a3 64. Rf6+ Ke5 65. Ra6 Rxb7 66. Rxa3 Kf4 67. Kg1 e3 68. Kh2 Rb2+ 69. Kh3 Rb1 70. Ra4+ Kf5 71. Kg3 f2 72. Rf4+ Ke5 0-1


[Site "https://www.chess.com"]

[Event "Titled Tuesday Blitz March 08 Early 2022"]
[White "Stepanencu, Nicodim-Cosmin"]
[Black "Castillo Pena, Patricia Evarista"]
[WhiteFideId "1256220"]
[BlackFideId "6412106"]
[WhiteElo "1913"]
[BlackElo "1918"]
[Result "1-0"]
[Round "02"]
[TimeControl "180+1"]
[Date "2022.03.09"]
[WhiteClock "0:01:35"]
[BlackClock "0:00:03"]

1. b3 d5 2. Bb2 Nf6 3. e3 c5 4. Nf3 Nc6 5. Bb5 Bd7 6. c4 e6 7. cxd5 exd5 8. O-O Bd6 9. d4 cxd4 10. Nxd4 Nxd4 11. Bxd7+ Qxd7 12. Qxd4 O-O 13. Nc3 Rfd8 14. Rfd1 Rac8 15. g3 Bb8 16. Qh4 Qf5 17. Rd2 d4 18. Rxd4 Rxd4 19. Qxd4 h6 20. Rd1 Ng4 21. Rd2 Be5 22. Qd5 Qf6 23. Qd7 Rd8 24. Qxd8+ 1-0


[Site "https://www.chess.com"]

[Event "Titled Tuesday Blitz March 08 Early 2022"]
[White "Suder, Jakub"]
[Black "Svane, Frederik"]
[WhiteFideId "1195310"]
[BlackFideId "12923044"]
[WhiteElo "2058"]
[BlackElo "2459"]
[Result "0-1"]
[Round "02"]
[TimeControl "180+1"]
[Date "2022.03.09"]
[WhiteClock "0:00:04"]
[BlackClock "0:00:07"]

1. d4 Nf6 2. c4 e6 3. Nc3 Bb4 4. f3 c5 5. d5 b5 6. e4 d6 7. Ne2 bxc4 8. Nf4 e5 9. Ne2 Nbd7 10. Ng3 Nb6 11. Be2 Ng8 12. O-O Ne7 13. f4 exf4 14. Nh5 O-O 15. Bxf4 Ng6 16. Bg3 Re8 17. Bf3 Ne5 18. Qd2 Rb8 19. Qf4 Rb7 20. Nd1 f6 21. Qh4 Ng6 22. Nxf6+ gxf6 23. Qh6 Rg7 24. Bh5 Qe7 25. Nf2 c3 26. Ng4 cxb2 27. Rab1 Bc3 28. Rf3 Bd4+ 29. Kh1 Bxg4 30. Bxg4 Qxe4 31. Bf5 Qxd5 32. h4 Re5 33. Bxe5 Nxe5 34. Ra3 Qxg2# 0-1


[Site "https://www.chess.com"]

[Event "Titled Tuesday Blitz March 08 Early 2022"]
[White "Svane, Rasmus"]
[Black "Al Hosani, Omran"]
[WhiteFideId "4657101"]
[BlackFideId "9308733"]
[WhiteElo "2645"]
[BlackElo "2267"]
[Result "1-0"]
[Round "02"]
[TimeControl "180+1"]
[Date "2022.03.08"]
[WhiteClock "0:00:05"]
[BlackClock "0:00:03"]

1. Nf3 Nf6 2. g3 e6 3. Bg2 d5 4. O-O Be7 5. c4 O-O 6. b3 c5 7. cxd5 exd5 8. d4 Nc6 9. Bb2 Be6 10. Nc3 Rc8 11. Rc1 Re8 12. e3 a6 13. dxc5 Bxc5 14. Ne2 Ba7 15. Nf4 Ne4 16. Nd2 Bf5 17. Nf3 Be6 18. Nh5 f6 19. Nf4 Bf7 20. Nd2 Qa5 21. Nxe4 dxe4 22. Qg4 h5 23. Qd7 Qxa2 24. Qxb7 Qxb3 25. Qxa6 Qxb2 26. Rxc6 Rxc6 27. Qxc6 Qe5 28. Rd1 g5 29. Nd5 Kg7 30. Qb7 Bc5 31. Qc6 Bf8 32. Nb6 Re6 33. Qb7 Re7 34. Nd7 Qe6 35. Qc8 Be8 36. Nb6 Qxb6 37. h3 Qe6 38. Qb8 g4 39. h4 Rf7 40. Bf1 Bd6 41. Qa8 Re7 42. Qa6 Be5 43. Qa8 Bf7 44. Qxe4 f5 45. Qa8 Qf6 46. Rd8 f4 47. exf4 Bd4 48. Qc8 Bxf2+ 49. Kxf2 Qb6+ 50. Kg2 Qe3 51. Rd3 Qe4+ 52. Kf2 Qb4 53. Qc3+ Qxc3 54. Rxc3 Ra7 55. Be2 Ra2 56. Ke3 Kf6 57. Rc6+ Ke7 58. Rc7+ Ke8 59. Bb5+ 1-0


[Site "https://www.chess.com"]

[Event "Titled Tuesday Blitz March 08 Early 2022"]
[White "Sychev, Klementy"]
[Black "Martinez Alcantara, Jose Eduardo"]
[WhiteFideId "4114060"]
[BlackFideId "3805662"]
[WhiteElo "2564"]
[BlackElo "2690"]
[Result "0-1"]
[Round "02"]
[TimeControl "180+1"]
[Date "2022.03.08"]
[WhiteClock "0:00:01"]
[BlackClock "0:00:23"]

1. e4 c5 2. Nf3 d6 3. d4 cxd4 4. Nxd4 Nf6 5. Nc3 Nc6 6. Bg5 e6 7. Bb5 Bd7 8. Bxc6 bxc6 9. Qf3 e5 10. Nf5 Bxf5 11. Qxf5 Be7 12. O-O Qc8 13. Qf3 Qg4 14. Qg3 Qxg3 15. hxg3 Nd7 16. Be3 Nb6 17. Rad1 Rb8 18. b3 h5 19. Ne2 Nd7 20. c4 a6 21. Nc3 Nf8 22. f4 Ne6 23. f5 Nf8 24. Kf2 Nd7 25. Kf3 g6 26. Ke2 Rg8 27. Rf3 gxf5 28. exf5 Nf6 29. Bc1 Rc8 30. Ba3 Rd8 31. Rfd3 e4 32. Re3 d5 33. Bxe7 Kxe7 34. cxd5 cxd5 35. Na4 h4 36. Rh1 Rxg3 37. Rxg3 hxg3 38. Rc1 d4 39. Rc6 d3+ 40. Kd2 Ng4 0-1


[Site "https://www.chess.com"]

[Event "Titled Tuesday Blitz March 08 Early 2022"]
[White "Talibov, Shiroghlan"]
[Black "Baches Garcia, Guillermo"]
[WhiteFideId "13429078"]
[BlackFideId "2209764"]
[WhiteElo "2070"]
[BlackElo "2417"]
[Result "1-0"]
[Round "02"]
[TimeControl "180+1"]
[Date "2022.03.09"]
[WhiteClock "0:00:27"]
[BlackClock "0:00:11"]

1. Nf3 d5 2. d4 Nf6 3. Bf4 e6 4. e3 c5 5. c3 Nc6 6. Na3 Nh5 7. dxc5 Nxf4 8. exf4 Bxc5 9. Qb3 Qe7 10. Nc2 O-O 11. Be2 Bd7 12. a3 Na5 13. Qa2 b5 14. b4 Bxf2+ 15. Kxf2 Nc4 16. Bxc4 dxc4 17. Rhe1 Qf6 18. Ncd4 Qxf4 19. Rad1 Rad8 20. Qd2 Qc7 21. Qe3 Rfe8 22. Qe5 Qb7 23. Qe4 Qc7 24. Kg1 f6 25. Nc2 Bc6 26. Qe3 e5 27. Qc5 Qb7 28. Qf2 Rd3 29. Rxd3 cxd3 30. Ne3 Be4 31. Nd2 Bg6 32. c4 e4 33. cxb5 Qxb5 34. Nec4 f5 35. Nd6 Qd7 36. Nxe8 Qxe8 37. Qxa7 h6 38. Qe3 Kh7 39. g3 Qa4 40. Rb1 Qc2 41. b5 Bh5 42. b6 1-0


[Site "https://www.chess.com"]

[Event "Titled Tuesday Blitz March 08 Early 2022"]
[White "Tarasova, Viktoriya"]
[Black "Garriga Cazorla, Pere"]
[WhiteFideId "4175840"]
[BlackFideId "32011601"]
[WhiteElo "2182"]
[BlackElo "2458"]
[Result "0-1"]
[Round "02"]
[TimeControl "180+1"]
[Date "2022.03.09"]
[WhiteClock "0:00:11"]
[BlackClock "0:00:42"]

1. d4 Nf6 2. c4 e6 3. Nc3 c5 4. d5 exd5 5. cxd5 d6 6. Nf3 g6 7. h3 Bg7 8. Bf4 O-O 9. e3 Nh5 10. Bh2 f5 11. Be2 f4 12. O-O Nd7 13. Qd2 a6 14. a4 Qf6 15. Rae1 fxe3 16. fxe3 Qe7 17. e4 b5 18. axb5 axb5 19. Bxb5 Ne5 20. Nxe5 Rxf1+ 21. Rxf1 Bxe5 22. Bxe5 Qxe5 23. Qf2 Qd4 24. Qxd4 cxd4 25. Ne2 Rb8 26. Nxd4 Kg7 27. Rc1 Nf6 28. Re1 Bd7 29. Bxd7 Nxd7 30. Re2 Kf6 31. Kf2 Rb4 32. Nc6 Rb3 33. Re3 Rxb2+ 34. Kg3 Rc2 35. Rf3+ Kg7 36. Ra3 Nf6 37. Kf3 Kh6 38. g4 Kg5 39. Nd4 Rc1 40. Ne6+ Kh4 41. g5 Nh5 42. Kg2 Rc2+ 43. Kg1 Ng3 44. Ra7 Kxh3 45. Rxh7+ Kg4 46. Rf7 Re2 47. Rf4+ Kh3 48. Rf3 Rg2# 0-1


[Site "https://www.chess.com"]

[Event "Titled Tuesday Blitz March 08 Early 2022"]
[White "Timofeev, Artyom"]
[Black "Morefield, Jason"]
[WhiteFideId "4140419"]
[BlackFideId "30920825"]
[WhiteElo "2594"]
[BlackElo "2171"]
[Result "1-0"]
[Round "02"]
[TimeControl "180+1"]
[Date "2022.03.08"]
[WhiteClock "0:00:46"]
[BlackClock "0:00:05"]

1. c4 c6 2. Nf3 d5 3. e3 Nf6 4. Nc3 e6 5. d4 Nbd7 6. Bd2 Bd6 7. Rc1 b6 8. Bd3 c5 9. cxd5 exd5 10. O-O O-O 11. Nb5 Bb8 12. dxc5 bxc5 13. b4 c4 14. Bb1 Re8 15. Bc3 a6 16. Nbd4 Ne4 17. Bxe4 dxe4 18. Nd2 Qh4 19. g3 Qh3 20. Nxc4 Nf6 21. f3 Bxg3 22. Qe2 Bc7 23. f4 Bg4 24. Qg2 Qh5 25. Rf2 Rac8 26. Bb2 Nd5 27. Qg3 Bd8 28. Rg2 f5 29. Nxf5 Qxf5 30. Qxg4 Qxg4 31. Rxg4 g6 32. a3 Rxc4 33. Rxc4 Nxe3 34. Rxg6+ hxg6 35. Rc6 Kf7 36. Rxa6 Nf5 37. Be5 e3 38. Kf1 Bh4 39. Ke2 Rd8 40. Ra7+ Ke6 41. Ra6+ Kd5 42. Kd3 g5 43. a4 gxf4 44. Bxf4 Bf2 45. a5 Rg8 46. Rf6 Rg1 47. Rxf5+ Ke6 48. Re5+ Kf6 49. Rxe3 Bxe3 50. Bxe3 Rh1 51. a6 Rxh2 52. a7 Ra2 53. b5 Ke6 54. b6 Kd7 55. b7 1-0


[Site "https://www.chess.com"]

[Event "Titled Tuesday Blitz March 08 Early 2022"]
[White "Tologon tegin, Semetei"]
[Black "Zanette, Edgard Vinicius"]
[WhiteFideId "13800574"]
[BlackFideId "2109263"]
[WhiteElo "2258"]
[BlackElo "2182"]
[Result "1-0"]
[Round "02"]
[TimeControl "180+1"]
[Date "2022.03.09"]
[WhiteClock "0:00:08"]
[BlackClock "0:00:06"]

1. e4 e5 2. Nf3 Nc6 3. Be2 Nf6 4. d3 Bc5 5. O-O h6 6. c3 O-O 7. Nbd2 d5 8. Qc2 dxe4 9. dxe4 a6 10. h3 b5 11. a4 Rb8 12. axb5 axb5 13. Rd1 Qe7 14. Nf1 Be6 15. Ng3 b4 16. Qa4 Rb6 17. Bb5 bxc3 18. bxc3 Bd7 19. Rxd7 Nxd7 20. Bxc6 Nf6 21. Bb5 Rfb8 22. Bc4 Rb1 23. Nf5 Qe8 24. Qa2 Rxa1 25. Qxa1 Nxe4 26. Be3 Bxe3 27. Nxe3 Nd6 28. Nd2 Qc6 29. Kh2 Qc5 30. Qa4 e4 31. g3 Qe5 32. Qc2 g6 33. Kg2 Kg7 34. Ba2 f5 35. Ndc4 Nxc4 36. Nxc4 Qc5 37. Ne3 Rd8 38. Bc4 Kf6 39. Qa2 g5 40. Bf7 Qe7 41. Nd5+ Rxd5 42. Bxd5 Qd6 43. Qc4 c5 44. Qb3 Ke5 45. c4 f4 46. Qb2+ Kf5 47. g4+ Kg6 48. Qh8 f3+ 49. Kg1 Qf6 50. Bxe4+ 1-0


[Site "https://www.chess.com"]

[Event "Titled Tuesday Blitz March 08 Early 2022"]
[White "Toncheva, Nadya"]
[Black "Shyaamnikhil P"]
[WhiteFideId "2924056"]
[BlackFideId "5024218"]
[WhiteElo "1884"]
[BlackElo "2329"]
[Result "0-1"]
[Round "02"]
[TimeControl "180+1"]
[Date "2022.03.09"]
[WhiteClock "0:01:44"]
[BlackClock "0:01:31"]

1. e4 e6 2. d4 d5 3. Nd2 Be7 4. Bd3 c5 5. exd5 Qxd5 6. Ngf3 cxd4 7. O-O Nc6 8. Nb3 Bf6 9. Re1 Nge7 10. Bf4 Ng6 11. Bg3 O-O 12. Be4 Qd8 13. Bxc6 bxc6 14. Nbxd4 c5 15. Nb3 Bxb2 16. Rb1 Bc3 17. Re3 Qxd1+ 18. Rxd1 Bb4 19. c3 Ba3 20. Bd6 Rd8 21. Nbd2 Rxd6 0-1


[Site "https://www.chess.com"]

[Event "Titled Tuesday Blitz March 08 Early 2022"]
[White "Tymrakiewicz, Rafal"]
[Black "Lopez Del Alamo, Antonio"]
[WhiteFideId "1108832"]
[BlackFideId "2227339"]
[WhiteElo "2205"]
[BlackElo "2082"]
[Result "0-1"]
[Round "02"]
[TimeControl "180+1"]
[Date "2022.03.09"]
[WhiteClock "0:00:01"]
[BlackClock "0:00:49"]

1. d4 Nf6 2. Bg5 Ne4 3. Bf4 c5 4. f3 Qa5+ 5. c3 Nf6 6. d5 d6 7. e4 b5 8. Nd2 g6 9. a4 b4 10. Nc4 Qd8 11. Bd3 Bg7 12. Ne2 O-O 13. O-O a5 14. Qd2 Ba6 15. Bh6 Nbd7 16. Bxg7 Kxg7 17. Ng3 Nb6 18. Nxb6 Qxb6 19. c4 b3 20. f4 Qb4 21. Qe2 Nd7 22. e5 Nb6 23. h4 Bxc4 24. h5 Bxd3 25. Qxd3 c4 26. Qd4 c3 27. bxc3 Qxd4+ 28. cxd4 Nxd5 29. Rab1 Rab8 30. f5 Rb4 31. Ne2 Rfb8 32. e6 fxe6 33. fxg6 hxg6 34. hxg6 Kxg6 35. Rf3 b2 36. Rbf1 b1=Q 37. Rg3+ Kh6 38. Rh3+ Kg7 39. Rg3+ Qg6 40. Rxg6+ Kxg6 41. Re1 Rb1 0-1


[Site "https://www.chess.com"]

[Event "Titled Tuesday Blitz March 08 Early 2022"]
[White "Vasquez Schroeder, Rodrigo"]
[Black "Ahn, Hongjin"]
[WhiteFideId "3400042"]
[BlackFideId "13201492"]
[WhiteElo "2561"]
[BlackElo "1873"]
[Result "0-1"]
[Round "02"]
[TimeControl "180+1"]
[Date "2022.03.08"]
[WhiteClock "0:00:46"]
[BlackClock "0:00:02"]

1. e4 e6 2. d4 d5 3. Nc3 Nf6 4. e5 Nfd7 5. Nce2 c5 6. c3 Nc6 7. f4 a6 8. Nf3 b5 9. a3 Be7 10. h4 h5 11. g3 Rb8 12. b4 cxd4 13. Nexd4 Nxd4 14. Qxd4 Nb6 15. Be3 Nc4 16. Bxc4 dxc4 17. Qxd8+ Bxd8 18. Kf2 Bb7 19. Rhd1 Bd5 20. a4 Rb7 21. axb5 axb5 22. Bc5 f6 23. Ra8 Kf7 24. Re1 Rd7 25. Rb8 Rh6 26. Nd4 fxe5 27. fxe5 Bc7 28. Rf8+ Kg6 29. g4 hxg4 30. Kg3 Kh7 31. Re8 Bd8 32. Kxg4 Bxh4 33. Re3 Rf7 34. Rf8 Rxf8 35. Bxf8 Bd8 36. Nf3 Kg6 37. Bc5 Bxf3+ 38. Rxf3 Rh4+ 39. Kg3 Bg5 40. Bd4 Re4 41. Rf8 Bd2 42. Kf3 Rh4 43. Ke2 Bg5 44. Re8 Kf5 45. Rb8 Ke4 46. Kf2 Rh2+ 47. Kg3 Rc2 48. Rxb5 Bf4+ 49. Kh3 Bd2 50. Rc5 Bf4 51. Rxc4 Kf3 52. Bg1 Rc1 53. Rxf4+ Kxf4 54. Bd4 Ke4 55. Kg2 Rc2+ 56. Kg3 Kd5 57. b5 Kc4 58. b6 Rb2 59. Kf4 Rb5 60. Kg5 Kd5 61. Kg6 Kc6 62. Kxg7 Kd5 63. Kf6 Rb1 64. Ke7 Rh1 65. Kd7 Rh7+ 66. Kc8 Kc6 67. Kb8 Rb7+ 68. Kc8 Rh7 69. Kd8 Rb7 70. Ke8 Rd7 71. Kf8 Rb7 72. Be3 Rd7 73. c4 Rb7 74. Ke8 Rd7 75. Bg5 Rb7 76. Bd8 Rd7 77. Bc7 Rh7 78. Kd8 Rd7+ 79. Kc8 Rh7 80. b7 Rxc7+ 81. Kd8 Rxb7 82. Ke8 Rh7 0-1


[Site "https://www.chess.com"]

[Event "Titled Tuesday Blitz March 08 Early 2022"]
[White "Vetokhin, Ilia"]
[Black "Nguyen, Thien Ngan"]
[WhiteFideId "24156078"]
[BlackFideId "12414816"]
[WhiteElo "1897"]
[BlackElo "1917"]
[Result "1/2-1/2"]
[Round "02"]
[TimeControl "180+1"]
[Date "2022.03.09"]
[WhiteClock "0:00:09"]
[BlackClock "0:00:09"]

1. d4 d5 2. c4 e6 3. g3 Nf6 4. Bg2 Be7 5. Nf3 O-O 6. O-O dxc4 7. Ne5 c5 8. dxc5 Qc7 9. Nxc4 Qxc5 10. b3 Nc6 11. Bb2 Rd8 12. Qc1 Qh5 13. Bf3 Ng4 14. h4 e5 15. Nc3 Be6 16. Rd1 Bxh4 17. gxh4 Qxh4 18. Ne4 f5 19. Bxg4 Qxg4+ 20. Ng3 f4 21. Nxe5 Nxe5 22. Bxe5 fxg3 23. Bxg3 Qxe2 24. Rxd8+ Rxd8 25. Qc7 Qd3 26. Re1 Bh3 27. Qxb7 Qd2 28. Qe4 Bf5 29. Qe5 g6 30. Re2 Qd1+ 31. Kh2 Qd5 32. Qxd5+ Rxd5 33. Re7 Ra5 34. a4 a6 35. Be5 Rd5 36. Bc3 Rd3 37. Rc7 Rf3 38. Kg2 Be4 39. Kg1 Rd3 40. b4 Rd1+ 41. Kh2 Rh1+ 42. Kg3 Bf5 43. Kf4 h6 44. Ke5 Rh4 45. f4 Rh2 46. Kf6 Re2 47. Rc8+ Kh7 48. Rc7+ Kg8 49. Be5 Rd2 50. Rg7+ Kf8 51. Ra7 Rd8 52. Rxa6 Kg8 53. Rb6 Rf8+ 54. Ke7 Rf7+ 55. Ke8 g5 56. fxg5 hxg5 57. Rh6 Rf8+ 58. Ke7 Rf7+ 59. Ke8 Bh7 60. Rh5 Rf5 61. Bd6 Rd5 62. Ke7 g4 63. Bc5 Rxh5 64. a5 Re5+ 65. Kd6 Re1 66. a6 g3 67. b5 Ra1 68. a7 Be4 69. b6 g2 70. Kc7 Kf7 71. b7 Bxb7 72. Kxb7 Ke6 73. a8=Q Rxa8 74. Kxa8 Kd5 75. Ba7 Ke4 76. Kb7 Kf3 77. Bb6 Ke2 78. Kc6 Kf1 79. Bc5 g1=Q 80. Bxg1 1/2-1/2


[Site "https://www.chess.com"]

[Event "Titled Tuesday Blitz March 08 Early 2022"]
[White "Voit, Daria"]
[Black "Lou, Yiping"]
[WhiteFideId "4182146"]
[BlackFideId "8603928"]
[WhiteElo "2323"]
[BlackElo "2412"]
[Result "1/2-1/2"]
[Round "02"]
[TimeControl "180+1"]
[Date "2022.03.09"]
[WhiteClock "0:00:38"]
[BlackClock "0:00:41"]

1. d4 Nf6 2. Bg5 g6 3. Bxf6 exf6 4. g3 d5 5. Bg2 c6 6. e3 Bd6 7. Ne2 O-O 8. Nd2 Nd7 9. c4 dxc4 10. Nxc4 Bc7 11. Rc1 Nb6 12. a3 f5 13. O-O Nxc4 14. Rxc4 Be6 15. Rc1 h5 16. h4 Re8 17. Qd3 Qf6 18. Rfd1 Rad8 19. b4 a6 20. Nc3 Bc8 21. d5 Be5 22. Qc2 cxd5 23. Nxd5 Qg7 24. Ne7+ Kh7 25. Rxd8 Rxd8 26. Nxc8 Bb2 27. Rd1 Qc3 28. Qe2 Rxd1+ 29. Qxd1 Qxc8 30. Qd5 Qc7 31. Qxb7 Qxb7 32. Bxb7 Bxa3 33. Bxa6 Bxb4 34. Bc4 1/2-1/2


[Site "https://www.chess.com"]

[Event "Titled Tuesday Blitz March 08 Early 2022"]
[White "Volkov, Maksim"]
[Black "Boruchovsky, Avital"]
[WhiteFideId "54123070"]
[BlackFideId "2800055"]
[WhiteElo "2081"]
[BlackElo "2469"]
[Result "1-0"]
[Round "02"]
[TimeControl "180+1"]
[Date "2022.03.09"]
[WhiteClock "0:00:38"]
[BlackClock "0:00:09"]

1. d4 Nf6 2. c4 g6 3. g3 c6 4. Bg2 d5 5. Qa4 Bg7 6. cxd5 Nxd5 7. Nf3 O-O 8. O-O Na6 9. Nc3 c5 10. Rd1 cxd4 11. Nxd5 Qxd5 12. Nxd4 Qh5 13. Be3 Nc5 14. Qa3 Bd7 15. Rac1 Ne6 16. Qxe7 Nxd4 17. Bxd4 Bxd4 18. Qxd7 Bxb2 19. Rc2 Bf6 20. Qxb7 Qa5 21. Qxa8 Rxa8 22. Bxa8 Kg7 23. Rd7 Bd8 24. Bd5 Bb6 25. Rxf7+ Kh6 26. Bb3 Qe5 27. Rd2 Qc3 28. Rdd7 Kg5 29. h4+ Kg4 30. Be6+ Kh5 31. Rxh7# 1-0


[Site "https://www.chess.com"]

[Event "Titled Tuesday Blitz March 08 Early 2022"]
[White "Wagner, Dennis"]
[Black "Matveeva, Olga"]
[WhiteFideId "24650684"]
[BlackFideId "24107018"]
[WhiteElo "2355"]
[BlackElo "2083"]
[Result "1-0"]
[Round "02"]
[TimeControl "180+1"]
[Date "2022.03.09"]
[WhiteClock "0:01:25"]
[BlackClock "0:01:22"]

1. d4 Nf6 2. Nf3 g6 3. Bg5 Bg7 4. c3 d5 5. Nbd2 O-O 6. e3 c6 7. Be2 Bg4 8. h3 Bxf3 9. Nxf3 Nbd7 10. O-O h6 11. Bf4 Re8 12. Bh2 Ne4 13. c4 Qb6 14. cxd5 cxd5 15. Qb3 Qxb3 16. axb3 Rec8 17. Rfc1 a6 18. g4 e6 19. Kg2 f5 20. Bc7 Kf7 21. Rc2 Ndf6 22. Ne5+ Ke8 23. Nxg6 fxg4 24. hxg4 Nd2 25. b4 Nc4 26. Bxc4 Rxc7 27. Bb5+ 1-0


[Site "https://www.chess.com"]